 Dungeon Crawl Stone Soup version 0.27.1 (webtiles) character file.

Game seed: 4852752862195058464

58 nxtlvl the Ruffian (level 3, -2/36 HPs)
             Began as a Troll Abyssal Knight on Sept 4, 2021.
             Was a Follower of Lugonu.
             Slain by a water moccasin (7 damage)
             ... on level 4 of the Dungeon.
             The game lasted 00:02:07 (256 turns).

nxtlvl the Ruffian (Troll Abyssal Knight)            Turns: 256, Time: 00:02:07

Health: -2/36      AC:  4    Str: 20    XL:     3   Next: 75%
Magic:  3/3        EV:  9    Int:  9    God:    Lugonu [*.....]
Gold:   9          SH:  0    Dex:  9    Spells: 2/2 levels left

rFire    . . .     SeeInvis .     - Unarmed
rCold    . . .     Faith    .   (no shield)
rNeg     . . .     Spirit   .   b - +0 robe
rPois    .         Reflect  .   (helmet restricted)
rElec    .         Harm     .   (no cloak)
rCorr    .         Rampage  .   (gloves unavailable)
Will     .....                  (boots unavailable)
Stlth    +.........             (no amulet)
HPRegen  1.12/turn              (no ring)
MPRegen  0.08/turn              (no ring)

@: lethally poisoned (-2 -> -8)
A: large, unfitting armour, claws 3, regeneration 1, shaggy fur 1, tough skin 1
a: Renounce Religion, Depart the Abyss


You were on level 4 of the Dungeon.
You worshipped Lugonu.
Lugonu was aware of your devotion.
You visited 1 branch of the dungeon, and saw 5 of its levels.
You visited the Abyss 1 time.

You collected 9 gold pieces.

Inventory:

Hand Weapons
 a - a +0 hunting sling
Armour
 b - a +0 robe (worn)
Scrolls
 d - a scroll of enchant weapon {unknown}
 e - a scroll of teleportation {unknown}
 f - a scroll of identify {unknown}
 g - a scroll of enchant armour {unknown}
Potions
 c - a potion of ambrosia {unknown}
 h - a potion of berserk rage {unknown}


   Skills:
 - Level 2.4 Fighting
 - Level 1.9 Dodging
 * Level 4.1 Unarmed Combat
 - Level 1.5 Invocations


You had 2 spell levels left.
You didn't know any spells.
Your spell library was empty.

Dungeon Overview and Level Annotations

Branches:
Dungeon (5/15)
 Temple: D:4-7

Altars:
Gozag

Annotations:
D:4 Edmund


Innate Abilities, Weirdness & Mutations

You are too large for most types of armour.
You have claws for hands.
Your natural rate of healing is unusually fast.
You are covered in fur. (AC +1)
You have tough skin. (AC +1)


Message History

There is a stone staircase leading up here.
A water moccasin comes into view.
The water moccasin hisses angrily.
There is an escape hatch in the ceiling here.
The sky beast flickers out of sight!
Deactivating autopickup; reactivate with Ctrl-A.
The water moccasin closely misses you.
Edmund gestures with his flail.
Edmund hits you with a +3 flail of holy wrath!
A mysterious force pulls you upwards. The hatch slams shut behind you.
Reactivating autopickup.
Found a stone staircase leading up.
Edmund misses you.
Found 4 gold pieces.
The water moccasin bites you. The water moccasin barely misses you.
Found an inky potion.
Found 3 gold pieces.
The water moccasin bites you but does no damage.
You claw the water moccasin!
The water moccasin is moderately wounded.
The water moccasin bites you.
You are poisoned.
The water moccasin poisons you! The water moccasin bites you.
You are more poisoned.
The water moccasin poisons you!
You claw the water moccasin!
The water moccasin is almost dead.
You feel very sick. The water moccasin bites you.
You closely miss the water moccasin.
The water moccasin is almost dead.
* * * LOW HITPOINT WARNING * * *
You feel very sick. The water moccasin closely misses you.
You miss the water moccasin.
The water moccasin is almost dead.
* * * LOW HITPOINT WARNING * * *
You feel very sick. The water moccasin bites you!
You die...

..........
...$.... ...!...
..... .$.. ..# #.#
#@# #S## #@.#
####.####
#.......#
#.......#. ...
#...........
#.....####...<....
.......# #.#......


You could see Edmund and a water moccasin.

Vanquished Creatures
  An iguana (D:4)
  Natasha (D:4)
  An adder skeleton (D:4)
  A dart slug (D:2)
  A goblin (D:4)
  A quokka (D:2)
  2 ball pythons
8 creatures vanquished.

Notes
Turn   | Place    | Note
-------+----------+-------------------------------------------
     0 | Abyss:1  | nxtlvl the Troll Abyssal Knight began the quest for the
                  | Orb.
     0 | Abyss:1  | Reached XP level 1. HP: 22/22 MP: 1/1
    44 | D:1      | Escaped the Abyss
   138 | D:4      | Noticed an iguana
   142 | D:4      | Killed an iguana
   143 | D:4      | Reached skill level 3 in Unarmed Combat
   143 | D:4      | Reached XP level 2. HP: 18/29 MP: 2/2
   143 | D:4      | Reached XP level 3. HP: 22/36 MP: 3/3
   171 | D:4      | Found an opulent altar of Gozag.
   205 | D:4      | Noticed Natasha
   215 | D:4      | Killed Natasha
   216 | D:4      | Reached skill level 4 in Unarmed Combat
   231 | D:4      | Noticed an ogre
   236 | D:4      | Noticed Edmund
   240 | D:5      | Entered Level 5 of the Dungeon
   240 | D:5      | Noticed a sky beast
   242 | D:5      | Noticed a water moccasin
   256 | D:4      | Slain by a water moccasin

Illustrated notes

Levels and vault maps discovered:
D:1:      dpeg_arrival_orchard, layout_loops_corners, chequers_decorated_corner,
          hex_tiny
D:2:      layout_loops_ring, hellmonk_ecumenical_altar_run_dry,
          minmay_misc_feat_roman, minmay_goblin_kobold_house
D:3:      layout_loops_ring, old_standard_altar, uniq_grinder, uniq_jessica
D:4:      layout_basic, mainiacjoe_overflow_large_starburst, marbit_many_paths,
          grunt_gozag_statues, uniq_pikel, uniq_edmund, uniq_natasha
D:5:      minmay_opposing_rooms, layout_gridville, vehumet_statue,
          chequers_avenue

Skill      XL: |  1  2  3 |
---------------+----------+-----
Unarmed Combat | 3 4 |  4.1
Fighting       | |  2.4
Dodging        | |  1.9
Invocations    | |  1.5

Action                   || total
-------------------------++-------
Melee: Unarmed           ||    20
Armor: Robe              ||     8
Dodge: Dodged            ||     8
